 Dungeon Crawl Stone Soup version 0.21.1-1-g345015f (webtiles) character file.

835 keltmir the Magician (level 7, -15/36 HPs)
             Began as a Deep Elf Summoner on Apr 2, 2018.
             Was an Initiate of Vehumet.
             Demolished by an orc warrior
             ... wielding a +0 long sword
              (19 damage)
             ... on level 5 of the Dungeon.
             The game lasted 00:29:01 (7876 turns).

keltmir the Magician (Deep Elf Summoner)            Turns: 7876, Time: 00:29:02

Health: -15/36     AC:  7    Str:  5    XL:     7   Next: 66%
Magic:  14/20      EV: 15    Int: 22    God:    Vehumet [......]
Gold:   257        SH:  4    Dex: 15    Spells: 12/21 levels left

rFire    . . .     SeeInvis .   C - +2 short sword (venom)
rCold    + . .     Gourm    .   (no shield)
rNeg     + . .     Faith    .   k - +1 robe "Bisk" {rN+}
rPois    .         Spirit   .   v - +2 hat
rElec    .         Reflect  +   (no cloak)
rCorr    .         Harm     .   q - +0 pair of gloves
MR       +....                  w - +0 pair of boots
Stlth    +++.......             l - +4 amulet of reflection
HPRegen  0.12/turn              i - ring of protection from cold
MPRegen  0.17/turn              x - ring of protection from magic

@: hasted, very quick
A: no striking features
a: Renounce Religion


You were on level 5 of the Dungeon.
You worshipped Vehumet.
Vehumet was noncommittal.
You were not hungry.

You visited 2 branches of the dungeon, and saw 7 of its levels.

You collected 257 gold pieces.

Inventory:

Hand Weapons
 f - a +2 dagger of venom
 g - a +0 blowgun
 C - a +2 short sword of venom (weapon)
Missiles
 e - 10 poisoned needles
Armour
 k - the +1 robe "Bisk" (worn) {rN+}
   (You found it on level 4 of the Dungeon)

   It protects you from negative energy.
 q - a +0 pair of gloves (worn)
 v - a +2 hat (worn)
 w - a +0 pair of boots (worn)
Jewellery
 i - a ring of protection from cold (left hand)
 l - a +4 amulet of reflection (around neck)
 x - a ring of protection from magic (right hand)
 B - an uncursed ring of positive energy {unknown}
Wands
 t - a wand of random effects (26)
Scrolls
 j - 4 scrolls of remove curse
 m - a scroll of enchant armour {unknown}
 n - a scroll of enchant weapon {unknown}
 y - a scroll of teleportation
 A - a scroll of immolation {unknown}
Potions
 a - a potion of cancellation {unknown}
 h - 3 potions of flight {unknown}
 o - 2 potions of heal wounds {unknown}
 p - 2 potions of lignification {unknown}
 r - a potion of degeneration {unknown}
 s - 2 potions of ambrosia {unknown}
 u - 4 potions of haste
Books
 b - a book of Callings

   Spells                             Type                      Level
   a - Summon Small Mammal            Summoning                    1
   b - Call Imp                       Summoning                    2
   c - Call Canine Familiar           Summoning                    3
   d - Summon Guardian Golem          Hexes/Summoning              3
   e - Summon Lightning Spire         Summoning/Air                4
   f - Summon Ice Beast               Ice/Summoning                4
Comestibles
 c - 7 rations


   Skills:
 + Level 5.2 Dodging
 - Level 3.7 Stealth
 * Level 7.8 Spellcasting
 + Level 6.0 Summonings
 + Level 3.0 Ice Magic


You had 12 spell levels left.
You knew the following spells:

 Your Spells              Type           Power        Failure   Level  Hunger
a - Summon Ice Beast      Ice/Summ       ####....     12%         4    ###....
b - Call Imp              Summ           #####...     1%          2    None
c - Call Canine Familiar  Summ           #####...     1%          3    None


Dungeon Overview and Level Annotations

Branches:
Dungeon (6/15)             Temple (1/1) D:6

Altars:
Ashenzari
Dithmenos
Elyvilon
Fedhas
Hepliaklqana
Kikubaaqudgha
Nemelex Xobeh
Sif Muna
Uskayaw
Vehumet
Wu Jian
Xom
Yredelemnul
Zin


Message History

Your ice beast barely misses the orc warrior.
Casting: Summon Ice Beast
Confirm with . or Enter, or press ? or * to list all spells.
The orc warrior misses you. Something barely misses your hound.
Your ice beast hits the orc warrior but does no damage.
Your hound closely misses the orc warrior.
Your ice beast hits the orc warrior but does no damage.
The orc warrior hits you with a long sword!
* * * LOW HITPOINT WARNING * * *
Something barely misses your hound.
Your hound bites the orc warrior but does no damage.
Your hound barely misses the orc warrior.
Your ice beast hits the orc warrior but does no damage.
Something closely misses your hound.
You climb upwards.
There is a stone staircase leading down here.
You feel yourself speed up.
The orc warrior hits you with a long sword!!
Ouch! That really hurt!
You die...

#.####.# #........#
#.# #h# #........#
#.# #.# #........#
#.#
#.########.....^..##
#.#
#.#......'........'.
#.#
#.#.######(.......##
#.#
#.#.....###.....###
#.#
#.#.###.###.....####
#.#
#.o@......'.........
#.#
#####.#.###)....####
#.# #.#.# #.....#
#.# #.#.# #.....#
#.# ###.#.##########
#.# #...#.#........#
#.# #.###.#........#
#(# #.# #.#........#
#.# #.# #.#........#


You could see an orc warrior.

Vanquished Creatures
  2 ogres
  A hound (D:4)
  An orc wizard (D:5)
  Ijyb (D:5)
  2 worms
  3 dart slugs
  3 leopard geckos
  2 orcs
  3 giant cockroaches
  A quokka (D:4)
  A bat (D:1)
  2 frilled lizards
  3 kobolds
  3 rats
28 creatures vanquished.

Vanquished Creatures (collateral kills)
  An orc warrior (D:5)
  An ogre (D:6)
  2 bullfrogs (D:6)
  A scorpion (D:5)
  A centaur skeleton (D:5)
  2 hounds
  3 orc priests
  A jelly (D:3)
  Jessica (D:2)
  3 bullfrog skeletons
  2 orc wizards
  4 worker ants
  A worker ant zombie (D:5)
  3 gnolls (D:2)
  4 adders
  A shadow imp (D:5)
  2 oozes
  5 worms
  3 dart slugs
  2 leopard geckos (D:3)
  24 orcs
  2 giant cockroaches
  8 goblins
  11 hobgoblins
  4 jackals (D:1)
  3 quokkas
  A ball python (D:4)
  6 bats
  A frilled lizard (D:5)
  10 kobolds
  A leopard gecko zombie (D:6)
  A quokka skeleton (D:5)
  4 rats
119 creatures vanquished.

Vanquished Creatures (others)
  An orc wizard (D:6)
1 creature vanquished.

Grand Total: 148 creatures vanquished

Notes
Turn   | Place    | Note
-------+----------+-------------------------------------------
     0 | D:1      | keltmir the Deep Elf Summoner began the quest for the Orb.
     0 | D:1      | Reached XP level 1. HP: 10/10 MP: 6/6
   451 | D:1      | Reached XP level 2. HP: 14/15 MP: 5/8
   455 | D:1      | Learned a level 2 spell: Call Imp
   542 | D:1      | Reached skill level 4 in Spellcasting
  1263 | D:2      | Reached XP level 3. HP: 16/19 MP: 1/10
  2021 | D:2      | Learned a level 3 spell: Call Canine Familiar
  2515 | D:2      | Noticed Jessica
  2532 | D:2      | Killed Jessica
  2532 | D:2      | Reached XP level 4. HP: 22/24 MP: 1/12
  2744 | D:2      | Found an ornate altar of the Wu Jian Council.
  3372 | D:3      | Reached skill level 5 in Spellcasting
  3386 | D:3      | Reached XP level 5. HP: 28/28 MP: 2/14
  3474 | D:3      | Reached skill level 5 in Summonings
  3568 | D:3      | Learned a level 4 spell: Summon Ice Beast
  4543 | D:5      | Entered Level 5 of the Dungeon
  4921 | D:4      | Got a fine robe
  4932 | D:4      | Identified the +1 robe "Bisk" {rN+} (You found it on level 4 of the Dungeon)
  5007 | D:4      | Found a hazy altar of Hepliaklqana.
  5077 | D:4      | Noticed an ogre
  5090 | D:4      | Killed an ogre
  5090 | D:4      | Reached skill level 1 in Ice Magic
  5110 | D:4      | Reached XP level 6. HP: 32/32 MP: 8/16
  5135 | D:4      | Reached skill level 6 in Spellcasting
  5866 | D:5      | Noticed Ijyb
  5880 | D:5      | Killed Ijyb
  5965 | D:5      | Reached XP level 7. HP: 35/36 MP: 19/19
  6176 | D:5      | Reached skill level 7 in Spellcasting
  6437 | D:6      | Found a deep blue altar of Sif Muna.
  7199 | D:6      | Found a staircase to the Ecumenical Temple.
  7205 | Temple   | Entered the Ecumenical Temple
  7255 | Temple   | Became a worshipper of Vehumet
  7277 | D:6      | Reached skill level 5 in Dodging
  7876 | D:5      | Demolished by an orc warrior

Skill      XL: |  1  2  3  4  5  6  7 |
---------------+----------------------+-----
Spellcasting   | 4 5 6 7 |  7.8
Stealth        | 3 |  3.7
Dodging        | 3 4 5 |  5.2
Summonings     | 5 6 |  6.0
Ice Magic      | 1 2 3 |  3.0

Action                   |  1- 3 |  4- 6 |  7- 9 || total
-------------------------+-------+-------+-------++-------
Melee: Dagger            |    32 |    78 |    30 ||   140
       Short sword       |       |       |     5 ||     5
 Cast: Summon Small Mamm |    27 |       |       ||    27
       Call Imp          |    48 |    49 |    18 ||   115
       Call Canine Famil |     4 |    29 |    13 ||    46
       Summon Ice Beast  |       |       |    15 ||    15
  Use: Scroll            |       |     8 |     1 ||     9
       Potion            |       |       |     3 ||     3
 Stab: Sleeping          |     7 |     5 |     2 ||    14
       Distracted        |       |     3 |     2 ||     5
  Eat: Chunk             |     6 |    13 |     4 ||    23
       Ration            |       |       |     1 ||     1
Armor: Robe              |    14 |    23 |    15 ||    52
Dodge: Dodged            |    56 |    74 |    53 ||   183
Block: Other             |     6 |    29 |     5 ||    40
       Reflection        |       |     5 |       ||     5
